 Dungeon Crawl Stone Soup version 0.27.1-1-g398f81649c (webtiles) character file.

Game seed: 185604521589685431

60 H0rd4k the Insei (level 4, -3/28 HPs)
             Began as an Octopode Transmuter on Sept 8, 2021.
             Slain by a gnoll (12 damage)
             ... on level 2 of the Dungeon.
             The game lasted 00:01:13 (1771 turns).

H0rd4k the Insei (Octopode Transmuter)              Turns: 1771, Time: 00:01:14

Health: -3/28      AC:  1    Str:  9    XL:     4   Next: 4%
Magic:  7/7        EV: 13    Int: 16    God:
Gold:   89         SH:  0    Dex: 12    Spells: 4/8 levels left

rFire    . . .     SeeInvis .     - Unarmed
rCold    . . .     Faith    .   (no shield)
rNeg     . . .     Spirit   .   (helmet restricted)
rPois    .         Reflect  .   (no amulet)
rElec    .         Harm     .   (no ring)
rCorr    .         Rampage  .   (no ring)
Will     .....                  (no ring)
Stlth    ++........             (no ring)
HPRegen  0.09/turn              (no ring)
MPRegen  0.10/turn              (no ring)
                                (no ring)
                                (no ring)

@: no status effects
A: almost no armour, amphibious, 8 rings, camouflage 1, gelatinous body 1,
(nimble swimmer 1), tentacles
a: no special abilities


You were on level 2 of the Dungeon.
You visited 1 branch of the dungeon, and saw 2 of its levels.

You collected 89 gold pieces.

Inventory:

Wands
 f - a wand of polymorph (8)
Scrolls
 a - a scroll of brand weapon {unknown}
 b - 3 scrolls of identify {unknown}
Potions
 c - a potion of degeneration {unknown}
 d - a potion of resistance {unknown}
 e - a potion of cancellation {unknown}


   Skills:
 + Level 1.2 Fighting
 + Level 2.2 Dodging
 + Level 0.3 Stealth
 + Level 3.9 Unarmed Combat
 * Level 2.5 Spellcasting
 * Level 2.4 Transmutations


You had 4 spell levels left.
You knew the following spells:

 Your Spells              Type           Power      Damage    Failure   Level
a - Beastly Appendage     Tmut           18%        N/A       8%          1
b - Spider Form           Tmut/Pois      2%         N/A       34%         3

Your spell library contained the following spells:

 Spells                   Type           Power      Damage    Failure   Level
 Wereblood                Tmut           9%         N/A       11%         2
 Ice Form                 Ice/Tmut       5%         N/A       75%         4


Dungeon Overview and Level Annotations

Branches:
Dungeon (2/15)

Altars:

Annotations:
D:2 Robin


Innate Abilities, Weirdness & Mutations

You cannot wear most types of armour.
You are amphibious.
You can wear up to eight rings at the same time.
Your skin changes colour to match your surroundings (Stealth+).
Your rubbery body absorbs attacks. (AC +1, EV +1)
((You are camouflaged near water. (Stealth+)))
You have tentacles for arms and can constrict up to eight enemies at once.


Message History

A goblin comes into view. It is wielding a +0 dagger.
You see here a scroll labelled QIUSIO MAWIDY.
b - 3 scrolls labelled QIUSIO MAWIDY (gained 1)
A goblin comes into view. It is wielding a +0 club.
The goblin shouts!
You hear a shout! x2
A goblin comes into view. It is wielding a +0 club. x2
A goblin comes into view. It is wielding a +0 dagger.
The goblin moves out of view. 2 goblins and a hobgoblin come into view.
The goblin moves out of view.
A goblin, a gnoll and Robin come into view.
The goblin shouts! x2; The gnoll shouts!
Robin throws the goblin at you!
A goblin comes into view. It is wielding a +0 dagger.
The goblin shouts!
The goblin shouts! x2; You hear a shout!
You hear a shout!
A gnoll comes into view.
It is wielding a +2 halberd of protection.
The gnoll barely misses you.
You barely miss the goblin. Your grab misses the goblin.
You squeeze the goblin.
You kill the goblin!
The goblin misses you.
The gnoll hits you from afar with a +2 halberd of protection!
Things that are here:
a +0 dagger; a goblin corpse You barely miss the goblin.
Your grab misses the goblin. The goblin misses you.
The gnoll hits you from afar with a +2 halberd of protection.
You tentacle-slap the goblin.
You kill the goblin!
The gnoll hits you from afar with a +2 halberd of protection!
The gnoll misses you.
You see here a +0 dagger.
You tentacle-slap the gnoll but do no damage.
You grab the gnoll. You constrict the gnoll. The gnoll misses you.
You tentacle-slap the gnoll but do no damage.
The gnoll is lightly wounded.
You constrict the gnoll, but do no damage.
The gnoll hits you with a +2 halberd of protection!
You die...

#..... #...... #
#...... .. #...... #
... #.....# .#....
#.....####...#g.
#.....#.......g#
##########g...g...#
#....)@ggggg.###....#
##########g########..
#......(...
######..###.....#
#........#... #.#
#.....♣♣.#.# #.#
####..PP♣..# #.#
#.Pr♣P..## #.#
#♣P._.♣..## #.#


You could see 2 gnolls, a hobgoblin and 4 goblins.

Vanquished Creatures
  Terence (D:2)
  A dart slug (D:1)
  6 ball pythons (D:1)
  An endoplasm (D:1)
  A giant cockroach (D:1)
  5 goblins
  4 hobgoblins (D:1)
  A bat (D:1)
  2 frilled lizards (D:1)
  5 kobolds (D:1)
  4 rats
31 creatures vanquished.

Vanquished Creatures (others)
  2 withered plants (D:2)
2 creatures vanquished.

Grand Total: 33 creatures vanquished

Notes
Turn   | Place    | Note
-------+----------+-------------------------------------------
     0 | D:1      | H0rd4k the Octopode Transmuter began the quest for the Orb.
     0 | D:1      | Reached XP level 1. HP: 13/13 MP: 3/3
   264 | D:1      | Reached XP level 2. HP: 8/18 MP: 5/5
   867 | D:1      | Reached XP level 3. HP: 6/23 MP: 6/6
   871 | D:1      | Learned a level 3 spell: Spider Form
  1479 | D:2      | Noticed Terence
  1491 | D:2      | Killed Terence
  1492 | D:2      | Reached XP level 4. HP: 6/28 MP: 1/7
  1744 | D:2      | Found a faded altar of an unknown god.
  1755 | D:2      | Noticed Robin
  1771 | D:2      | Slain by a gnoll

Illustrated notes

Levels and vault maps discovered:
D:1:      scummos_arrival_forest, layout_basic
D:2:      layout_rooms, ebering_ecumenical_altar_petrified, minmay_cupped,
          uniq_terence, uniq_robin

Action                   |  1- 3 |  4- 6 || total
-------------------------+-------+-------++-------
Melee: Unarmed           |    81 |     5 ||    86
       Constrict         |    16 |     1 ||    17
       Tentacles         |    14 |     1 ||    15
       Punch             |     1 |       ||     1
 Cast: Spider Form       |     1 |       ||     1
 Stab: Sleeping          |     1 |       ||     1
Armor: Skin              |     4 |       ||     4
Dodge: Dodged            |    57 |     5 ||    62
